 Dungeon Crawl Stone Soup version 0.24.0-125-gc4c63601f3 (webtiles) character file.

Game seed: 10092123671400669131, levelgen mode: deterministic

1477 Peloso the Slasher (level 8, -6/69 HPs)
             Began as a Minotaur Fighter on Feb 18, 2020.
             Was a Follower of Okawaru.
             Killed by divine providence
             ... invoked by an orc priest
              (14 damage)
             ... on level 6 of the Dungeon.
             The game lasted 00:09:19 (4530 turns).

Peloso the Slasher (Minotaur Fighter)               Turns: 4530, Time: 00:09:20

Health: -6/69      AC: 16    Str: 21    XL:     8   Next: 49%
Magic:  5/7        EV: 15    Int:  5    God:    Okawaru [*.....]
Gold:   458        SH: 19    Dex: 12    Spells: 7/7 levels left

rFire    . . .     SeeInvis .   a - +0 long sword
rCold    + . .     Gourm    .   c - +0 large shield
rNeg     . . .     Faith    .   B - +3 chain mail
rPois    .         Spirit   .   (helmet restricted)
rElec    .         Reflect  .   (no cloak)
rCorr    .         Harm     .   h - +0 pair of gloves
MR       .....                  (no boots)
Stlth    ..........             (no amulet)
HPRegen  0.61/turn              i - +6 ring of evasion
MPRegen  0.10/turn              z - ring of protection from cold

@: heroism
A: retaliatory headbutt, horns 2, high mp 1, regeneration 1
a: Heroism, Renounce Religion


You were on level 6 of the Dungeon.
You worshipped Okawaru.
Okawaru was aware of your devotion.
You were not hungry.

You visited 2 branches of the dungeon, and saw 7 of its levels.

You collected 458 gold pieces.

Inventory:

Hand Weapons
 a - a +0 long sword (weapon)
Armour
 b - a +0 scale mail
 c - a +0 large shield (worn)
 h - a +0 pair of gloves (worn)
 t - a +0 chain mail
 B - a +3 chain mail (worn)
Jewellery
 i - a +6 ring of evasion (left hand)
 n - a +2 ring of dexterity
 z - a ring of protection from cold (right hand)
Wands
 s - a wand of paralysis (8)
Scrolls
 e - 5 scrolls of identify {unknown}
 g - 2 scrolls of magic mapping {unknown}
 j - a scroll of blinking {unknown}
 k - 4 scrolls of teleportation {unknown}
 o - a scroll of noise {unknown}
 q - 3 scrolls of remove curse {unknown}
 r - a scroll of amnesia {unknown}
 w - a scroll of enchant weapon {unknown}
 y - 3 scrolls of fog {unknown}
 A - a scroll of immolation {unknown}
 C - a scroll of enchant armour {unknown}
Potions
 d - 2 potions of might
 l - 2 potions of flight
 m - a potion of curing
 p - a potion of degeneration {unknown}
 v - a potion of brilliance {unknown}
 x - a potion of haste
Comestibles
 f - 10 rations


   Skills:
 + Level 5.6(10.6) Fighting
 + Level 7.8(12.8) Long Blades
 + Level 6.3(11.3) Armour
 + Level 2.7(7.7) Dodging
 + Level 0.5(5.5) Stealth
 + Level 7.8(12.8) Shields


You had 7 spell levels left.
You didn't know any spells.
Your spell library was empty.

Dungeon Overview and Level Annotations

Branches:
Dungeon (6/15)             Temple (1/1) D:5

Altars:
Ashenzari
Elyvilon
Gozag
Hepliaklqana
Kikubaaqudgha
Makhleb
Nemelex Xobeh
Okawaru
Qazlal
Ru
Sif Muna
Zin
The Shining One


Innate Abilities, Weirdness & Mutations

You reflexively headbutt those who attack you in melee.
You have a pair of horns on your head.
You have an increased reservoir of magic. (+10% MP)
Your natural rate of healing is unusually fast.


Message History

The orc priest looks braver for a moment.
You block the orc warrior's attack.
You barely miss the orc warrior.
You headbutt the orc warrior, but do no damage.
The orc warrior is almost dead.
You block the orc warrior's attack.
The orc priest calls upon Beogh to heal the orc warrior.
The orc warrior is healed somewhat.
Unknown command.
You gain the combat prowess of a mighty hero.
The orc priest mumbles some strange prayers to Beogh against you.
Beogh smites you!
* * * LOW HITPOINT WARNING * * *
The orc warrior hits you but does no damage.
You closely miss the orc warrior.
You headbutt the orc warrior, but do no damage.
The orc warrior is severely wounded.
The orc priest mumbles some strange prayers to Beogh against you.
Beogh smites you!
You die...

####### #.....#
##.....## ###+
#.......# ?....
#.......########oo$...
#.......'.....@olF..$.
##.....####'####o$....
##...##....## ..$..
##.##......## ....
###........# ###
#........# #.....)..#
#........# ##......##


You could see an orc warrior, a bullfrog, an iguana, 2 orc priests and an orc
wizard.

Vanquished Creatures
  An ice beast (D:5)
  2 ogres
  2 centaurs (D:5)
  3 bullfrogs (D:6)
  2 scorpions (D:6)
  A howler monkey (D:5)
  3 hounds
  4 orc wizards
  An orc priest (D:3)
  A centaur skeleton (D:4)
  3 iguanas
  2 worker ants
  2 hound zombies
  A hound skeleton (D:5)
  Robin (D:2)
  8 gnolls
  5 adders
  2 shadow imps
  2 oozes
  An adder zombie (D:5)
  4 worms
  5 dart slugs
  5 leopard geckos
  20 orcs
  3 giant cockroaches
  5 hobgoblins
  3 jackals (D:5)
  2 quokkas (D:4)
  9 bats
  6 frilled lizards
  18 goblins
  8 kobolds
  7 rats
142 creatures vanquished.

Notes
Turn   | Place    | Note
-------+----------+-------------------------------------------
     0 | D:1      | Peloso the Minotaur Fighter began the quest for the Orb.
     0 | D:1      | Reached XP level 1. HP: 19/19 MP: 0/0
   198 | D:1      | Reached XP level 2. HP: 27/27 MP: 1/1
   549 | D:1      | Reached XP level 3. HP: 33/33 MP: 2/2
   924 | D:2      | Found a glowing golden altar of the Shining One.
  1068 | D:2      | Reached skill level 1 in Dodging
  1093 | D:2      | Reached XP level 4. HP: 33/40 MP: 3/3
  1238 | D:2      | Noticed Robin
  1333 | D:2      | Killed Robin
  1655 | D:3      | Reached XP level 5. HP: 39/46 MP: 4/4
  1932 | D:3      | Reached skill level 5 in Shields
  1942 | D:3      | Gained mutation: Your natural rate of healing is unusually
                  | fast. [potion of mutation]
  1942 | D:3      | Gained mutation: You have an increased reservoir of magic.
                  | (+10% MP) [potion of mutation]
  2649 | D:4      | Reached skill level 5 in Long Blades
  2685 | D:4      | Reached XP level 6. HP: 44/52 MP: 5/5
  3041 | D:4      | Found a sacrificial altar of Ru.
  3091 | D:5      | Entered Level 5 of the Dungeon
  3115 | D:5      | Reached skill level 5 in Armour
  3120 | D:5      | Reached XP level 7. HP: 58/60 MP: 6/6
  3153 | D:5      | Found a staircase to the Ecumenical Temple.
  3164 | Temple   | Entered the Ecumenical Temple
  3235 | Temple   | Became a worshipper of Warmaster Okawaru
  3603 | D:5      | Reached skill level 5 in Fighting
  4036 | D:6      | Reached * piety under Okawaru
  4036 | D:6      | Reached XP level 8. HP: 68/68 MP: 7/7
  4037 | D:6      | Found a shattered altar of Ashenzari.
  4087 | D:6      | Found a stormy altar of Qazlal.
  4205 | D:6      | Found a hazy altar of Hepliaklqana.
  4530 | D:6      | Killed from afar by an orc priest

Levels and vault maps discovered:
D:1:      shiori_arrival_elements, layout_basic
D:2:      cheibrodos_old_hovel, layout_basic, lemuel_crystal_altar, uniq_robin
D:3:      layout_loops_corners
D:4:      layout_basic, nicolae_ru_path_of_blood
D:5:      layout_gridville, minmay_temple_entry_grid, first_ration,
          minmay_misc_feat_more_columns
D:6:      minmay_polygon_palace, layout_layer_cave, kennysheep_little_box,
          overflow_temple_1_default, ashenzari_altar_1
Temple:   dpeg_five_rooms_temple

Skill      XL: |  1  2  3  4  5  6  7  8 |
---------------+-------------------------+-----
Fighting       | 4 5 |  5.6
Shields        | 4 5 6 7 |  7.8
Armour         | 4 5 6 |  6.3
Long Blades    | 3 4 5 7 |  7.8
Dodging        | 1 2 |  2.7
Stealth        | |  0.5

Action                   |  1- 3 |  4- 6 |  7- 9 || total
-------------------------+-------+-------+-------++-------
Melee: Long sword        |    96 |   205 |   144 ||   445
       Headbutt          |    11 |    52 |    32 ||    95
Invok: Heroism           |       |       |     1 ||     1
  Use: Potion            |     3 |     2 |     1 ||     6
  Eat: Chunk             |       |     4 |     5 ||     9
       Ration            |       |     1 |       ||     1
Armor: Scale mail        |    50 |    44 |       ||    94
       Chain mail        |       |     8 |    43 ||    51
Dodge: Dodged            |    24 |    49 |    45 ||   118
Block: Shield            |    17 |       |       ||    17
       Large shield      |    76 |   159 |   115 ||   350
       Rpst.: Long sword |     5 |    13 |    17 ||    35
